cohdb
Replays
Latest Replays
All Replays
Popular Replays
Top Player Replays
Match Explorer
How It Works
Community
CoH3 Stats
Reddit
Sign in to upload your games and track your stats! →
Sign in with Steam
Match 38718204
Unlisted
Match 38718204
Overview
Messages
Build Orders
End
Scout Squad
Construct Barracks
Riflemen Squad
M1 Mortar Team
M1 Mortar Team
Riflemen Squad
Mechanized Support Center
Construct Medical Station
Construct Motor Pool
M24 Chaffee Light Tank
Engineer Squad
Riflemen Squad
Selects Advanced Infantry Battlegroup
Selects Ammunition Storage
Selects M2A1 105mm Howitzer Emplacement
Selects Free Fire Drills
M1 Anti-tank Gun Team
Selects Convert to Ranger Squad
Ranger Squad
Selects Designate Assault Position
Selects Infantry Assault
Infantry Assault
Construct Tank Depot
M4A1 Sherman Medium Tank
Infantry Assault
M18 Hellcat Tank Destroyer
Designate Forward Repair Station
Ranger Squad
Infantry Assault
FooKilla
sharpshooter
Kpen
yarang
0
0
Comments
sign in to comment!
No comments posted yet!